[Event "December 5 Late 2023"]
[Site "https://www.chess.com"]
[Date "2023.12.05"]
[Round "1"]
[White "Ghasi, Ameet K"]
[Black "Marchesich, Giovanni"]
[Result "1-0"]
[Board "69"]
[TimeControl "180+1"]
[WhiteFideId "409200"]
[BlackFideId "2824790"]
[WhiteElo "2795"]
[BlackElo "2405"]
[WhiteTeam "ENG"]
[BlackTeam "ITA"]
[WhiteClock "0:00:06"]
[BlackClock "0:00:03"]

1. c4 c5 2. Nf3 Nf6 3. e3 g6 4. Nc3 Nc6 5. b3 Bg7 6. Bb2 O-O 7. Rc1 e5 8. h4 d5 9. cxd5 Nxd5 10. h5 Ndb4 11. hxg6 hxg6 12. Ne4 b6 13. a3 Nd3+ 14. Bxd3 Qxd3 15. Qc2 Ba6 16. Qxd3 Bxd3 17. Ng3 Rac8 18. Ng5 Na5 19. b4 cxb4 20. axb4 Rxc1+ 21. Bxc1 Rc8 22. Ne2 Nc4 23. Nc3 a5 24. bxa5 bxa5 25. f3 a4 26. Kf2 a3 27. Nge4 Ra8 28. Nc5 Bc2 29. Rh4 Nb6 30. Rb4 Nc8 31. Bxa3 Rxa3 32. Rb8 Bf8 33. Rxc8 Bf5 34. Nd7 Bxd7 35. Rd8 Ra7 36. Nd5 Be6 37. Nf6+ Kg7 38. Ne8+ Kg8 39. Nf6+ Kg7 40. Ne4 Rd7 41. Re8 Bd5 42. Nc3 Be6 43. Ne4 Bd5 44. Ng3 f5 45. Rxe5 Bf7 46. d4 Bd6 47. Ra5 Bxg3+ 48. Kxg3 Rb7 49. Kf4 Re7 50. Ra6 Re6 51. Ra7 Kf6 52. e4 g5+ 53. Ke3 fxe4 54. fxe4 Bg6 55. e5+ Kf5 56. Kf3 Rb6 57. Ra3 Ke6 58. Kg4 Kd5 59. Kxg5 Kxd4 60. Ra5 Re6 61. g4 Be4 62. Kf4 Bd5 63. Kf5 Re8 64. Ra4+ Bc4 65. e6 Kd5 66. Ra5+ Kd6 67. Re5 Bxe6+ 68. Kf4 Rg8 69. Rg5 Rf8+ 70. Kg3 Ke7 71. Ra5 Kf6 72. Ra6 Re8 73. Ra4 Kg6 74. Ra5 Rc8 75. Ra6 Rc3+ 76. Kh4 Kf7 77. Ra7+ Kf6 78. Ra6 Rc4 79. Kh5 Kf7 80. Ra7+ Kf6 81. Ra6 Ke5 82. Ra5+ Bd5 83. Kg5 Rc7 84. Kg6 Rc8 85. g5 Rg8+ 86. Kh6 Rh8+ 87. Kg7 Rg8+ 88. Kh6 Rh8+ 89. Kg6 Rh2 90. Kg7 Rg2 91. g6 Ke6 92. Ra6+ Ke7 93. Ra7+ Ke6 94. Ra6+ Ke5 95. Kf8 Be4 96. g7 Bd5 97. Ra5 Rf2+ 98. Ke8 Rg2 99. Ra7 Rg3 100. Kf8 Be6 101. Ra5+ Kf6 102. Ra6 Rb3 103. Rxe6+ Kxe6 104. g8=Q+ Kf6 105. Qxb3 Kf5 106. Qf3+ 1-0

[Event "December 5 Late 2023"]
[Site "https://www.chess.com"]
[Date "2023.12.05"]
[Round "1"]
[White "Aadit Bhatia"]
[Black "Miladinovic, Igor"]
[Result "0-1"]
[Board "70"]
[TimeControl "180+1"]
[WhiteFideId "25088955"]
[BlackFideId "4203380"]
[WhiteElo "2404"]
[BlackElo "2793"]
[WhiteTeam "IND"]
[BlackTeam "SRB"]
[WhiteClock "0:00:18"]
[BlackClock "0:00:35"]

1. Nf3 d5 2. d4 Bf5 3. c4 e6 4. Nc3 Nc6 5. cxd5 exd5 6. Bf4 Bd6 7. Nxd5 Be4 8. Bxd6 Qxd6 9. Nc3 Bxf3 10. gxf3 Qxd4 11. e3 Qf6 12. Bb5 Ne7 13. Qe2 O-O 14. f4 Rad8 15. O-O Nf5 16. Kh1 a6 17. Bc4 Nb4 18. Qf3 Nh4 19. Qxb7 Rb8 20. Qxc7 Rfc8 21. Bxf7+ Qxf7 22. Qxf7+ Kxf7 23. Rad1 Rb7 24. Ne4 Rcc7 25. Nd6+ Ke7 26. Nxb7 Rxb7 27. b3 Nxa2 28. Ra1 Nb4 29. Rfc1 Nf5 30. Rc5 Nd6 31. Re5+ Kf7 32. Rd1 Rb6 33. Rc5 Kf6 34. Rd4 Nf5 35. Rdc4 h5 36. Ra5 Nd6 37. Rcc5 g6 38. Rc7 Nb5 39. Rc4 Nd3 40. Kg2 Rd6 41. Rca4 Nc5 42. Rb4 Kg7 43. Ra2 Kh6 44. Kf3 Nc3 45. Rc2 Nd3 46. Rd4 Rxd4 47. Rxc3 Rd6 48. Ke2 Nb4 49. Rc4 Nd5 50. Rd4 Nc3+ 51. Kd3 Rxd4+ 52. Kxd4 Nd1 53. f3 Kg7 54. Ke5 Nxe3 55. Kd6 Kf6 56. Kc6 Nc2 57. Kb6 Nd4 58. Kxa6 Nxb3 59. Kb5 Kf5 60. Kc4 Nd2+ 61. Kd3 Nxf3 62. Ke3 Nxh2 0-1

[Event "December 5 Late 2023"]
[Site "https://www.chess.com"]
[Date "2023.12.05"]
[Round "1"]
[White "Troff, Kayden"]
[Black "Mesquita, Eduardo Barbosa"]
[Result "1-0"]
[Board "71"]
[TimeControl "180+1"]
[WhiteFideId "2047896"]
[BlackFideId "22757163"]
[WhiteElo "2791"]
[BlackElo "2402"]
[WhiteTeam "USA"]
[BlackTeam "BRA"]
[WhiteClock "0:00:20"]
[BlackClock "0:00:50"]

1. Na3 d5 2. c3 c5 3. Nc2 Nc6 4. d4 Nf6 5. Nf3 Bf5 6. Bf4 e6 7. e3 Bd6 8. Bg3 O-O 9. Bd3 Ne4 10. dxc5 Bxc5 11. Ncd4 Re8 12. Nxf5 exf5 13. O-O Qf6 14. Qb3 Na5 15. Qa4 Bb6 16. Bh4 Qg6 17. Rad1 Nc6 18. Bb5 a6 19. Be2 Qe6 20. Qb3 Bc7 21. Qxd5 Qg6 22. Qb3 Rab8 23. Bg3 f4 24. Bxf4 Bxf4 25. exf4 Nxc3 26. Bd3 Ne4 27. Ng5 Nd4 28. Qc4 Rbd8 29. Bxe4 Rxe4 30. Nxe4 Qxe4 31. Kh1 Qxf4 32. Rd3 h5 33. Rfd1 Nc6 34. Rxd8+ Nxd8 35. Rxd8+ Kh7 36. Qxf4 1-0

[Event "December 5 Late 2023"]
[Site "https://www.chess.com"]
[Date "2023.12.05"]
[Round "1"]
[White "PresidentLoek"]
[Black "Budisavljevic, Luka"]
[Result "0-1"]
[Board "72"]
[TimeControl "180+1"]
[BlackFideId "960047"]
[WhiteElo "2401"]
[BlackElo "2778"]
[BlackTeam "SRB"]
[WhiteClock "0:01:21"]
[BlackClock "0:01:36"]

1. g3 d5 2. Bg2 c5 3. e3 Nc6 4. Ne2 e5 5. O-O h5 6. f4 h4 7. Nbc3 e4 8. d3 hxg3 9. hxg3 f5 10. dxe4 dxe4 11. Qxd8+ Nxd8 12. g4 g6 13. Nd5 Ne6 14. Ng3 Ne7 15. Nxe7 Bxe7 16. gxf5 gxf5 17. Nxf5 Bd7 18. Bxe4 Bf6 19. Bxb7 Rb8 20. c3 Rxb7 21. Nd6+ Ke7 22. Nxb7 Rg8+ 23. Kf2 Bh4+ 24. Ke2 Bb5+ 25. Kf3 Bxf1 26. Bd2 Bg2+ 27. Ke2 Bxb7 28. Rh1 Bxh1 0-1

[Event "December 5 Late 2023"]
[Site "https://www.chess.com"]
[Date "2023.12.05"]
[Round "1"]
[White "Rastbod, Ali"]
[Black "Saito, Vinicius"]
[Result "1/2-1/2"]
[Board "73"]
[TimeControl "180+1"]
[WhiteFideId "12567477"]
[BlackFideId "2113384"]
[WhiteElo "2772"]
[BlackElo "2398"]
[WhiteTeam "IRI"]
[BlackTeam "BRA"]
[WhiteClock "0:00:11"]
[BlackClock "0:00:21"]

1. e4 c5 2. c4 Nc6 3. Nc3 g6 4. g3 Bg7 5. Bg2 e6 6. d3 d6 7. Be3 Nge7 8. Nge2 O-O 9. d4 cxd4 10. Nxd4 a6 11. O-O Rb8 12. a4 Nb4 13. Qd2 d5 14. exd5 exd5 15. c5 Be6 16. Ncb5 axb5 17. Qxb4 bxa4 18. Qxa4 Nc6 19. Rfd1 Qd7 20. Qc2 Rfe8 21. Rab1 Rbc8 22. Qd2 Ne5 23. b4 Nc4 24. Qd3 Nxe3 25. fxe3 Bg4 26. Re1 Rcd8 27. Rbc1 Bh3 28. Bf3 Bg4 29. Bh1 h5 30. b5 h4 31. c6 bxc6 32. bxc6 Qd6 33. gxh4 Qf6 34. Qf1 Qxh4 35. Qf2 Qg5 36. Bg2 Be5 37. h4 Qe7 38. c7 Rc8 39. Nc6 Qd6 40. Nxe5 Qxe5 41. Qc2 Be6 42. Qc5 Kg7 43. Qd4 Qxd4 44. exd4 Re7 45. Bxd5 Rexc7 46. Rxc7 Rxc7 47. Bxe6 Re7 48. d5 fxe6 49. Kg2 Kf6 50. Rf1+ Ke5 51. dxe6 Rxe6 52. Kg3 Rf6 53. Re1+ Kd6 54. Kg4 Kd7 55. Kg5 Ra6 56. Rf1 Ke7 57. Rf4 Rb6 58. Rc4 Rd6 59. Rc7+ Kf8 60. Kh6 Re6 61. Ra7 Rd6 62. Rh7 Re6 63. Rd7 Rc6 64. Kg5 Rb6 65. Rh7 Kg8 66. Re7 Ra6 67. Kh6 Rb6 68. Rg7+ Kf8 69. Rxg6 Rxg6+ 70. Kxg6 Kg8 71. h5 Kh8 72. h6 Kg8 73. h7+ Kh8 74. Kh6 1/2-1/2

[Event "December 5 Late 2023"]
[Site "https://www.chess.com"]
[Date "2023.12.05"]
[Round "1"]
[White "Al-Saffar, Araz Basim Mohammed S"]
[Black "Korchmar, Vasiliy"]
[Result "0-1"]
[Board "74"]
[TimeControl "180+1"]
[WhiteFideId "4801040"]
[BlackFideId "24131750"]
[WhiteElo "2396"]
[BlackElo "2770"]
[WhiteTeam "IRQ"]
[BlackTeam "RUS"]
[WhiteClock "0:00:00"]
[BlackClock "0:01:28"]

1. d4 Nf6 2. c4 e6 3. Nf3 d5 4. Nbd2 c5 5. cxd5 cxd4 6. dxe6 Bxe6 7. Nb3 Nc6 8. a3 Qb6 9. Nbxd4 O-O-O 10. e3 Bc5 11. b4 Bxd4 12. exd4 Nxd4 13. Nxd4 Rxd4 14. Qc2+ Kb8 15. Bd2 Rc8 16. Be3 Rxc2 0-1

[Event "December 5 Late 2023"]
[Site "https://www.chess.com"]
[Date "2023.12.05"]
[Round "1"]
[White "Tatarinov, Dmitry"]
[Black "Wu, Sibo"]
[Result "0-1"]
[Board "75"]
[TimeControl "180+1"]
[WhiteFideId "24160067"]
[BlackFideId "8606048"]
[WhiteElo "2770"]
[BlackElo "2396"]
[WhiteTeam "RUS"]
[BlackTeam "CHN"]
[WhiteClock "0:00:34"]
[BlackClock "0:00:10"]

1. e4 c5 2. Nf3 Nc6 3. Bb5 g6 4. O-O Bg7 5. c3 a6 6. Bxc6 dxc6 7. d4 cxd4 8. cxd4 Nf6 9. Nc3 O-O 10. h3 Qc7 11. Re1 Rd8 12. Qc2 c5 13. d5 b5 14. Be3 Bb7 15. Rac1 Rac8 16. b3 c4 17. b4 Nd7 18. Bd4 e5 19. dxe6 fxe6 20. Bxg7 Kxg7 21. Qb2 Kg8 22. Re3 Ne5 23. Nxe5 Qxe5 24. Qe2 Rd4 25. a4 Rcd8 26. axb5 axb5 27. Qg4 Rd3 28. Rxd3 cxd3 29. f4 Qd4+ 30. Kh2 d2 31. Qxe6+ Kh8 32. Rd1 Qxc3 33. e5 Qc6 34. Qg4 h5 35. Qg5 Rd3 36. f5 gxf5 37. Qxh5+ Kg7 38. Qg5+ Qg6 39. Qe7+ Qf7 40. Qg5+ Qg6 41. Qe7+ Qf7 42. Qh4 Qg6 43. Qf2 Qg5 44. e6 Be4 45. e7 Qxe7 46. Rxd2 Qd6+ 47. Kh1 Rxd2 48. Qg3+ Qxg3 0-1

[Event "December 5 Late 2023"]
[Site "https://www.chess.com"]
[Date "2023.12.05"]
[Round "1"]
[White "Mohammed, Zozek Salah Mohammed"]
[Black "Skvortsov, Andrei"]
[Result "1/2-1/2"]
[Board "76"]
[TimeControl "180+1"]
[WhiteFideId "4803361"]
[BlackFideId "24108600"]
[WhiteElo "2396"]
[BlackElo "2765"]
[WhiteTeam "IRQ"]
[BlackTeam "MNE"]
[WhiteClock "0:00:14"]
[BlackClock "0:00:42"]

1. d4 e6 2. Nf3 Ne7 3. g3 g6 4. Bg2 Bg7 5. O-O d5 6. c4 O-O 7. Nc3 dxc4 8. Qa4 Nf5 9. Qxc4 Nxd4 10. Nxd4 Qxd4 11. Qxc7 Na6 12. Qf4 Nb4 13. Qxd4 Bxd4 14. Bh6 Bg7 15. Bxg7 Kxg7 16. Rfd1 e5 17. a3 Nc2 18. Rac1 Nd4 19. e3 Nb3 20. Rc2 Bf5 21. e4 Be6 22. Nd5 Rac8 23. Re2 Nd4 24. Red2 Rfd8 25. h3 f5 26. Nc3 b6 27. exf5 gxf5 28. Re1 e4 29. Red1 Nc6 30. Rxd8 Rxd8 31. Rxd8 Nxd8 32. Kf1 Kf6 33. f4 Bc4+ 34. Kf2 Ne6 35. Ke3 Ke7 36. g4 Ng7 37. gxf5 Nxf5+ 38. Kxe4 Kf6 39. b4 Bb3 40. Bf3 h5 41. Nd5+ Ke6 42. Nc7+ Kf6 43. Ne8+ Ke6 44. Nc7+ Kf6 45. Nd5+ Ke6 46. Nc7+ 1/2-1/2

[Event "December 5 Late 2023"]
[Site "https://www.chess.com"]
[Date "2023.12.05"]
[Round "1"]
[White "Urazayev, Arystanbek"]
[Black "JERO-8914"]
[Result "1-0"]
[Board "77"]
[TimeControl "180+1"]
[WhiteFideId "13709810"]
[WhiteElo "2758"]
[BlackElo "2395"]
[WhiteTeam "KAZ"]
[WhiteClock "0:01:45"]
[BlackClock "0:00:28"]

1. d4 d6 2. Nf3 Nf6 3. g3 g6 4. Bg2 Bg7 5. O-O O-O 6. b3 Nc6 7. Bb2 e5 8. dxe5 Ne4 9. c4 dxe5 10. Qc1 Nd6 11. Nc3 Nf5 12. Rd1 Nfd4 13. e3 Nxf3+ 14. Bxf3 Qf6 15. Bg2 Be6 16. Nd5 Bxd5 17. cxd5 Nb4 18. Qxc7 Rac8 19. Qxb7 Rc2 20. Rf1 Nd3 21. Ba3 Rd8 22. Be7 Qf5 23. Bxd8 Rxf2 24. d6 e4 25. Be7 h5 26. Qxe4 Bxa1 27. Qxf5 Rxf5 28. Rxf5 gxf5 29. d7 1-0

[Event "December 5 Late 2023"]
[Site "https://www.chess.com"]
[Date "2023.12.05"]
[Round "1"]
[White "Su, Dion"]
[Black "Kosteniuk, Alexandra"]
[Result "0-1"]
[Board "78"]
[TimeControl "180+1"]
[WhiteFideId "2029731"]
[BlackFideId "4128125"]
[WhiteElo "2393"]
[BlackElo "2752"]
[WhiteTeam "USA"]
[BlackTeam "SUI"]
[WhiteClock "0:01:29"]
[BlackClock "0:01:40"]

1. e4 c6 2. Nc3 d5 3. Nf3 dxe4 4. Nxe4 Nf6 5. Nxf6+ exf6 6. d4 Bd6 7. Be3 Nd7 8. c3 Nf8 9. h3 Ng6 10. Bd3 Be6 11. O-O O-O 12. c4 Qd7 13. Re1 Rae8 14. Qc2 Bxh3 15. d5 Qg4 16. Bf1 cxd5 17. cxd5 Ne5 18. Nxe5 Rxe5 19. f3 Qg3 20. Bf2 Qf4 21. gxh3 Rg5+ 22. Bg2 Qh2+ 0-1

[Event "December 5 Late 2023"]
[Site "https://www.chess.com"]
[Date "2023.12.05"]
[Round "1"]
[White "Adewumi, Tanitoluwa"]
[Black "Fernandez Bustamante, Leancy B."]
[Result "1-0"]
[Board "79"]
[TimeControl "180+1"]
[WhiteFideId "30966396"]
[BlackFideId "3523870"]
[WhiteElo "2749"]
[BlackElo "2391"]
[WhiteTeam "USA"]
[BlackTeam "CUB"]
[WhiteClock "0:00:15"]
[BlackClock "0:00:00"]

1. Nf3 d6 2. d4 Nd7 3. e4 c5 4. c3 g6 5. Bc4 Bg7 6. O-O Ngf6 7. e5 dxe5 8. dxe5 Ng4 9. e6 Nde5 10. exf7+ Nxf7 11. Qe2 O-O 12. Ng5 Ne5 13. Ne6 Bxe6 14. Bxe6 Qd6 15. Bb3 c4 16. Bxc4 Nxc4 17. Qxc4 Rac8 18. Qe2 Be5 19. h3 Qf6 20. Nd2 Bb8 21. Nf3 Nd6 22. Re1 Rce8 23. Bh6 Rf7 24. Ng5 Qf5 25. Nxf7 Nxf7 26. Be3 Qd7 27. Rad1 Qc7 28. g3 e5 29. Kg2 Qc6+ 30. Qf3 e4 31. Qe2 Qc8 32. Bd4 Be5 33. Qb5 Bxd4 34. Rxd4 a6 35. Qd5 e3 36. Rf4 Rf8 37. Rxe3 Kg7 38. Ref3 Ng5 39. Rxf8 1-0

[Event "December 5 Late 2023"]
[Site "https://www.chess.com"]
[Date "2023.12.05"]
[Round "1"]
[White "Melikhov, Evgeny V."]
[Black "Jarmula, Lukasz"]
[Result "0-1"]
[Board "80"]
[TimeControl "180+1"]
[WhiteFideId "4122046"]
[BlackFideId "1160664"]
[WhiteElo "2390"]
[BlackElo "2740"]
[WhiteTeam "GRE"]
[BlackTeam "POL"]
[WhiteClock "0:00:05"]
[BlackClock "0:00:09"]

1. d4 d5 2. c4 c5 3. cxd5 Qxd5 4. Nf3 cxd4 5. Nc3 Qa5 6. Nxd4 Nf6 7. Nb3 Qc7 8. g3 e5 9. Bg2 Bb4 10. Qd3 O-O 11. O-O Rd8 12. Qb5 Bxc3 13. bxc3 h6 14. Be3 Nc6 15. Rfd1 Bd7 16. Nc5 Rab8 17. Nxd7 Rxd7 18. Rxd7 Qxd7 19. Qb3 Na5 20. Qb4 b6 21. Rb1 Rc8 22. Bf3 Nd5 23. Rd1 Nxb4 24. Rxd7 Nbc6 25. Bd5 Rf8 26. Kg2 g5 27. h4 gxh4 28. gxh4 Kg7 29. f4 exf4 30. Bxf4 Kg6 31. e4 f6 32. Be6 Ne5 33. Bf5+ Kh5 34. Rg7 Nac4 35. Rh7 Nf7 36. Kh3 Nce5 37. Rg7 Rd8 38. Rg6 Rd3+ 39. Rg3 Rxg3+ 40. Bxg3 Nd6 41. Bf4 Nxf5 42. exf5 Nd3 43. Bg3 Nc5 44. Bb8 a6 45. Ba7 Nd7 46. Kg3 b5 47. a3 Ne5 48. Bd4 Nc4 49. Bxf6 Nxa3 50. Be7 Nc4 51. Kf4 a5 52. Ke4 a4 53. Kd3 Ne5+ 54. Kc2 Nc6 55. Bd8 Nxd8 56. Kb2 Kg4 57. Ka3 Kxf5 58. c4 bxc4 59. Kxa4 Kg4 60. Kb4 Kxh4 61. Kxc4 Kg3 0-1

[Event "December 5 Late 2023"]
[Site "https://www.chess.com"]
[Date "2023.12.05"]
[Round "1"]
[White "Arjun Kalyan"]
[Black "Mickiewicz, Piotr"]
[Result "1-0"]
[Board "81"]
[TimeControl "180+1"]
[WhiteFideId "35018701"]
[BlackFideId "1114891"]
[WhiteElo "2733"]
[BlackElo "2389"]
[WhiteTeam "IND"]
[BlackTeam "POL"]
[WhiteClock "0:01:14"]
[BlackClock "0:00:00"]

1. c4 g6 2. e3 Bg7 3. Nc3 Nf6 4. Nf3 O-O 5. d4 c5 6. Be2 cxd4 7. Nxd4 Nc6 8. O-O d6 9. Bf3 Bd7 10. Nxc6 Bxc6 11. h3 Qa5 12. Nd5 Nxd5 13. cxd5 Bb5 14. Re1 Rfc8 15. e4 Ba4 16. Qd3 Rc2 17. Bg5 Bxb2 18. Rab1 f6 19. Bh4 Rac8 20. Qe3 Qc5 21. Qh6 Bd7 22. Bg3 b5 23. h4 Bd4 24. Rf1 b4 25. Rbd1 a5 26. Rd2 a4 27. Rxc2 Qxc2 28. e5 Bxe5 29. Bxe5 dxe5 30. h5 g5 31. d6 Qc5 32. Rd1 b3 33. axb3 axb3 34. Bd5+ Kh8 35. Bxb3 e4 36. Bf7 Bf5 37. Bg6 1-0

[Event "December 5 Late 2023"]
[Site "https://www.chess.com"]
[Date "2023.12.05"]
[Round "1"]
[White "Dmitrenko, Viktor"]
[Black "Krzyzanowski, Marcin"]
[Result "1-0"]
[Board "82"]
[TimeControl "180+1"]
[WhiteFideId "14110270"]
[BlackFideId "1132199"]
[WhiteElo "2388"]
[BlackElo "2728"]
[WhiteTeam "UKR"]
[BlackTeam "POL"]
[WhiteClock "0:00:20"]
[BlackClock "0:00:00"]

1. d4 Nf6 2. Nf3 e6 3. c4 Bb4+ 4. Nc3 b6 5. Bg5 h6 6. Bh4 Bb7 7. Nd2 Bxc3 8. bxc3 d6 9. f3 Nbd7 10. e4 e5 11. Bd3 Qe7 12. O-O g5 13. Bf2 h5 14. c5 dxc5 15. d5 Nf8 16. Bb5+ N6d7 17. Nc4 a6 18. d6 Qe6 19. dxc7 Ke7 20. Bxd7 Nxd7 21. Ne3 Rac8 22. Nf5+ Kf6 23. h4 Rxc7 24. hxg5+ Kg6 25. Be3 h4 26. Qe1 h3 27. g4 h2+ 28. Kh1 Nf8 29. Qg3 Rd7 30. Rf2 Qc4 31. Qxe5 1-0

[Event "December 5 Late 2023"]
[Site "https://www.chess.com"]
[Date "2023.12.05"]
[Round "1"]
[White "Sattarov, Bobir"]
[Black "Donchenko, Anatoly"]
[Result "1-0"]
[Board "83"]
[TimeControl "180+1"]
[WhiteFideId "14203081"]
[BlackFideId "4106091"]
[WhiteElo "2725"]
[BlackElo "2388"]
[WhiteTeam "UZB"]
[BlackTeam "GER"]
[WhiteClock "0:01:19"]
[BlackClock "0:01:16"]

1. e4 c5 2. Nf3 d6 3. Nc3 a6 4. g3 g6 5. Bg2 Bg7 6. O-O Bg4 7. h3 Bxf3 8. Bxf3 Nc6 9. Bg2 Nf6 10. d3 O-O 11. f4 Rb8 12. g4 Nd4 13. a4 b5 14. axb5 axb5 15. Ra7 b4 16. Nd5 Nxd5 17. exd5 Nb5 18. Ra2 Ra8 19. Rxa8 Qxa8 20. Re1 Qa7 21. Kh2 Re8 22. h4 Nd4 23. h5 b3 24. c3 Nc2 25. Rf1 Qa4 26. Be4 Ra8 27. hxg6 hxg6 28. Kg3 Qd7 29. f5 Be5+ 30. Kg2 Kg7 31. Rh1 Ra1 32. Qf3 g5 33. Qh3 e6 34. Qh8# 1-0

[Event "December 5 Late 2023"]
[Site "https://www.chess.com"]
[Date "2023.12.05"]
[Round "1"]
[White "Chaika, Vitalii"]
[Black "Schmakel, Sam"]
[Result "0-1"]
[Board "84"]
[TimeControl "180+1"]
[WhiteFideId "14111802"]
[BlackFideId "2039311"]
[WhiteElo "2388"]
[BlackElo "2722"]
[WhiteTeam "UKR"]
[BlackTeam "USA"]
[WhiteClock "0:00:00"]
[BlackClock "0:00:12"]

1. d4 Nf6 2. Bf4 g6 3. e3 Bg7 4. h3 O-O 5. Nf3 c5 6. c3 Qb6 7. Qb3 d6 8. Nbd2 Be6 9. Qxb6 axb6 10. a3 Nbd7 11. Be2 Bd5 12. O-O Bc6 13. Rfe1 b5 14. e4 Nxe4 15. Nxe4 Bxe4 16. Bxb5 Nf6 17. Nd2 d5 18. f3 Bf5 19. Rxe7 cxd4 20. cxd4 b6 21. g4 Be6 22. Rc1 Rfc8 23. Rxc8+ Rxc8 24. Rc7 Ra8 25. Nb3 h5 26. Bc6 Rd8 27. Rb7 Rc8 28. Rb8 Rxb8 29. Bxb8 Nd7 30. Bc7 Kf8 31. Bxd7 Bxd7 32. Bxb6 Ba4 33. Nd2 Bh6 34. Ba5 Be3+ 35. Kf1 Bxd4 36. Bc3 Bb5+ 37. Ke1 Be3 38. b3 Ke7 39. a4 Bd3 40. b4 Kd6 41. Nb3 Bc2 42. Nc5 d4 43. Bd2 Bg1 44. a5 Kc6 45. Kf1 Bh2 46. Kg2 Bd6 47. a6 Kb6 48. f4 hxg4 49. hxg4 Bd1 50. Ne4 Be7 51. g5 Kxa6 52. Kg3 Kb5 53. Nf6 Bxb4 54. Bc1 Kc4 55. f5 gxf5 56. Kf4 Bc2 57. Nd7 d3 58. Ne5+ Kd5 59. Nxf7 d2 60. Bxd2 Bxd2+ 61. Kf3 Be4+ 62. Kg3 f4+ 63. Kg4 f3 0-1

[Event "December 5 Late 2023"]
[Site "https://www.chess.com"]
[Date "2023.12.05"]
[Round "1"]
[White "Schnaider, Ilan"]
[Black "Zeman, Matyas"]
[Result "1-0"]
[Board "85"]
[TimeControl "180+1"]
[WhiteFideId "169013"]
[BlackFideId "364398"]
[WhiteElo "2721"]
[BlackElo "2387"]
[WhiteTeam "ARG"]
[BlackTeam "CZE"]
[WhiteClock "0:00:06"]
[BlackClock "0:00:00"]

1. e4 e5 2. Nf3 Nc6 3. Bc4 Nf6 4. d3 Be7 5. O-O O-O 6. a4 d6 7. a5 a6 8. Nc3 Be6 9. Nd5 h6 10. c3 Nb8 11. Qb3 Nxd5 12. exd5 Bc8 13. d4 e4 14. Nd2 f5 15. f3 e3 16. Nb1 f4 17. Bd3 Bh4 18. Qc2 Nd7 19. c4 Qf6 20. Qc3 Bf2+ 21. Rxf2 exf2+ 22. Kxf2 Re8 23. Bd2 Nf8 24. Qc2 Qh4+ 25. Kg1 Bf5 26. Nc3 Bxd3 27. Qxd3 Nd7 28. Qf5 Qf6 29. Qxf4 Qxf4 30. Bxf4 Nf6 31. Kf2 g5 32. Bd2 Kf7 33. b4 Kg6 34. b5 Rec8 35. Rb1 axb5 36. Rxb5 c6 37. Rxb7 cxd5 38. cxd5 Rxa5 39. Rb6 Rd8 40. Ne4 Ra2 41. Nxf6 Rxd2+ 42. Ke3 Rxg2 43. Ne4 Rxh2 44. Nxd6 Kh5 45. Nf5 1-0

[Event "December 5 Late 2023"]
[Site "https://www.chess.com"]
[Date "2023.12.05"]
[Round "1"]
[White "Haszon, David"]
[Black "Sahakyan, Aleks"]
[Result "1-0"]
[Board "86"]
[TimeControl "180+1"]
[WhiteFideId "733610"]
[BlackFideId "13316338"]
[WhiteElo "2386"]
[BlackElo "2715"]
[WhiteTeam "HUN"]
[BlackTeam "ARM"]
[WhiteClock "0:00:11"]
[BlackClock "0:00:10"]

1. e4 c5 2. Nf3 g6 3. d4 cxd4 4. Nxd4 Bg7 5. Nc3 Nc6 6. Be3 Nf6 7. Bc4 O-O 8. Bb3 Re8 9. O-O d5 10. exd5 Nb4 11. Qf3 Bg4 12. Qg3 Bd7 13. a3 Na6 14. Nf3 Rc8 15. Rad1 h6 16. h3 Nh5 17. Qh4 Bf6 18. Qe4 Bf5 19. Qa4 Bd7 20. Qe4 Nc5 21. Bxc5 Rxc5 22. Qe3 Rc8 23. Qxh6 Bg7 24. Qg5 Nf6 25. Qe3 a5 26. a4 Qc7 27. Rfe1 Qd6 28. Ne5 Qb4 29. Rd4 Qd6 30. Nxd7 Nxd7 31. Re4 Bf6 32. f4 Kg7 33. Qf3 Qb6+ 34. Kh1 Nc5 35. R4e2 Nxb3 36. cxb3 Qxb3 37. f5 g5 38. Qg4 Rc4 39. Qg3 Qb6 40. Re3 Rh8 41. Ne4 Qxb2 42. Nxg5 Kf8 43. d6 Rd4 44. dxe7+ Bxe7 45. f6 Bxf6 46. Re8+ Kg7 47. Ne6+ Kh7 48. Rxh8+ Bxh8 49. Nxd4 Qxd4 50. Qf3 Bf6 51. Rf1 Kg7 52. Qg4+ Qxg4 53. hxg4 Kg6 54. Rf5 Bc3 55. Rb5 Bb4 56. Kh2 f6 57. Kg3 Bd6+ 58. Kf3 Bb4 59. Ke4 b6 60. Kd5 Kg5 61. Ke6+ Bc5 62. Rb3 Kxg4 63. Kxf6 Kf4 64. Ke6 Ke4 65. g4 Kd4 66. g5 Kc4 67. Rb1 Bd4 68. g6 Kd3 69. Rxb6 Bxb6 70. g7 Kc4 71. g8=Q Kb4 72. Qe8 Ka3 73. Qb5 Bd4 74. Kd5 Bc3 75. Kc4 Bb4 76. Qd5 Kxa4 77. Qd3 Bc3 78. Kxc3 Ka3 79. Qb1 Ka4 80. Qb3# 1-0

[Event "December 5 Late 2023"]
[Site "https://www.chess.com"]
[Date "2023.12.05"]
[Round "1"]
[White "Vazquez, Facundo"]
[Black "Stalri"]
[Result "1-0"]
[Board "87"]
[TimeControl "180+1"]
[WhiteFideId "3007669"]
[WhiteElo "2714"]
[BlackElo "2384"]
[WhiteTeam "URU"]
[WhiteClock "0:00:52"]
[BlackClock "0:00:00"]

1. d4 Nf6 2. Nc3 d5 3. Bf4 e6 4. Nb5 Na6 5. e3 c6 6. Nc3 Bd6 7. Nf3 O-O 8. Bxa6 bxa6 9. Ne5 Qc7 10. Na4 c5 11. Nxc5 Bxc5 12. dxc5 Qxc5 13. O-O a5 14. c3 Ba6 15. Re1 Ne4 16. Nd7 Qb5 17. Nxf8 Qxb2 18. Nd7 Qxf2+ 19. Kh1 g5 20. Qg4 Qxf4 21. exf4 Nf2+ 22. Kg1 Nxg4 23. h3 Nh6 24. fxg5 Nf5 25. g4 Nd6 26. Rab1 Kg7 27. Rb2 Ne4 28. Rb8 Rxb8 29. Nxb8 Bb5 30. Rb1 Nxc3 31. Rb3 d4 32. Kf2 a4 33. Rb4 d3 34. Ke1 a6 35. a3 Nd5 36. Rd4 Kg6 37. h4 f6 38. Re4 e5 39. gxf6 Kxf6 40. Kd2 Ke6 41. Re1 Nf4 42. Rf1 Kd5 43. h5 Nh3 44. Ke3 Kc4 45. Rc1+ Kb3 46. Nc6 Kb2 47. Rh1 Bxc6 48. Rxh3 e4 49. g5 1-0

[Event "December 5 Late 2023"]
[Site "https://www.chess.com"]
[Date "2023.12.05"]
[Round "1"]
[White "Shtivelband, Richard"]
[Black "Wafa, Hamed"]
[Result "0-1"]
[Board "88"]
[TimeControl "180+1"]
[WhiteFideId "2017342"]
[BlackFideId "10628452"]
[WhiteElo "2376"]
[BlackElo "2713"]
[WhiteTeam "USA"]
[BlackTeam "EGY"]
[WhiteClock "0:00:11"]
[BlackClock "0:00:34"]

1. e4 e5 2. Nf3 Nc6 3. Bb5 a6 4. Ba4 Nf6 5. O-O Be7 6. Re1 b5 7. Bb3 O-O 8. d3 d6 9. c3 Na5 10. Bc2 c5 11. Nbd2 Nc6 12. Nf1 Re8 13. Ng3 h6 14. a3 Bf8 15. b4 d5 16. Bb2 c4 17. d4 exd4 18. Nxd4 Nxd4 19. Qxd4 dxe4 20. Qxd8 Rxd8 21. Nxe4 Nxe4 22. Bxe4 Rb8 23. Rad1 Be6 24. Bc1 Be7 25. Bf4 Rxd1 26. Rxd1 Rf8 27. Bb7 Bc8 28. Bxc8 Rxc8 29. Be5 f6 30. Bf4 Rd8 31. Rxd8+ Bxd8 32. Kf1 Kf7 33. Ke2 Ke6 34. Be3 Kd5 35. Bd4 Bc7 36. g3 h5 37. Ke3 h4 38. Kf3 h3 39. Ke3 Bd8 40. f4 a5 41. Kf3 axb4 42. axb4 Be7 43. Be3 f5 44. Bd2 g6 45. Ke3 Bd8 46. Ke2 Ke4 47. Be3 Bf6 48. Bd2 Bh8 49. Be1 Bf6 50. Bd2 Bg7 51. Be1 Bh8 52. Bd2 Bf6 53. Be1 g5 54. fxg5 Bxg5 55. Bf2 Bf6 56. Be1 Be5 57. Kf1 Kd3 0-1

[Event "December 5 Late 2023"]
[Site "https://www.chess.com"]
[Date "2023.12.05"]
[Round "1"]
[White "Djokic, Mihailo"]
[Black "Figorito, Nick"]
[Result "1-0"]
[Board "89"]
[TimeControl "180+1"]
[WhiteFideId "976440"]
[BlackFideId "30923689"]
[WhiteElo "2713"]
[BlackElo "2375"]
[WhiteTeam "SRB"]
[BlackTeam "USA"]
[WhiteClock "0:01:42"]
[BlackClock "0:00:00"]

1. e4 e6 2. d4 d5 3. Nc3 Bb4 4. e5 c5 5. a3 Bxc3+ 6. bxc3 Ne7 7. h4 Nbc6 8. h5 h6 9. Nf3 Qa5 10. Bd2 Qa4 11. Rh4 Qa5 12. Rf4 b6 13. Nh4 Ba6 14. c4 Qa4 15. dxc5 Bxc4 16. Bxc4 dxc4 17. Qg4 Qxc2 18. Qxg7 O-O-O 19. Nf3 Rhg8 20. Qxf7 Rxg2 21. Qxe6+ Kb7 22. Qxc4 Rg1+ 23. Nxg1 Qxd2+ 24. Kf1 Nxe5 25. Qe4+ N7c6 26. cxb6 axb6 27. Nf3 Qb2 28. Rb1 Qc3 29. Nxe5 Qxe5 30. Rf7+ Ka6 31. Qxc6 1-0